 Dungeon Crawl Stone Soup version 0.26.0-10-g1f06aea511 (webtiles) character file.

Game seed: 2270251922155316739

29705 Arum the Grappler (level 13, -10/122 HPs)
             Began as a Ghoul Gladiator on Jan 20, 2021.
             Was the Champion of Makhleb.
             Mangled by Jorgrun
             ... wielding a +0 vorpal quarterstaff
              (13 damage)
             ... on level 13 of the Dungeon.
             The game lasted 00:25:08 (16279 turns).

Arum the Grappler (Ghoul Gladiator)                Turns: 16279, Time: 00:25:09

Health: -10/122    AC: 12    Str: 23    XL:     13   Next: 47%
Magic:  14/14      EV: 14    Int:  3    God:    Makhleb [******]
Gold:   934        SH:  4    Dex: 10    Spells: 12/12 levels left

rFire    . . .     SeeInvis +     - Unarmed
rCold    + . .     Faith    +   q - +0 buckler
rNeg     + + +     Spirit   .   A - +0 acid dragon scales
rPois    ∞         Reflect  .   H - +1 helmet
rElec    .         Harm     .   d - +0 cloak
rCorr    +         Rampage  .   (no gloves)
Will     +....                  E - +0 pair of boots
Stlth    +.........             D - amulet of faith
HPRegen  0.00/turn              K - ring of see invisible
MPRegen  0.14/turn              p - ring of willpower

@: grasped by roots, very slightly contaminated, hasted, constricted, invisible,
very quick
A: claws 1, cold resistance 1, negative energy resistance 3, inhibited
regeneration, torment resistance, unbreathing
a: Renounce Religion, Minor Destruction, Lesser Servant of Makhleb, Major
Destruction, Greater Servant of Makhleb


You were on level 13 of the Dungeon.
You worshipped Makhleb.
Makhleb was exalted by your worship.
You visited 2 branches of the dungeon, and saw 15 of its levels.

You collected 934 gold pieces.

Inventory:

Missiles
 c - 5 throwing nets (quivered)
 m - 7 silver javelins
 F - 5 javelins
Armour
 d - a +0 cloak (worn)
 n - a scarf of harm
 q - a +0 buckler (worn)
 A - +0 acid dragon scales (worn)
 C - a +0 kite shield
 E - a +0 pair of boots (worn)
 H - a +1 helmet (worn)
Jewellery
 p - a ring of willpower (right claw)
 y - an uncursed ring of stealth
 D - an amulet of faith (around neck)
 J - an uncursed ring of ice
 K - a ring of see invisible (left claw)
Wands
 i - a wand of polymorph (16)
 s - a wand of digging (8)
 v - a wand of random effects (20)
 x - a wand of flame (97)
Scrolls
 a - 4 scrolls of amnesia
 b - 5 scrolls of identify
 e - 2 scrolls of remove curse
 g - a scroll of noise
 h - 10 scrolls of teleportation
 j - a scroll of fog
 u - 5 scrolls of magic mapping
 z - a scroll of blinking
 G - 3 scrolls of fear
 L - a scroll of enchant armour
 M - a scroll of immolation
Potions
 f - a potion of cancellation
 k - 2 potions of attraction
 l - 8 potions of curing
 o - 2 potions of invisibility
 r - 2 potions of brilliance
 w - a potion of magic
 I - a potion of might


   Skills:
 + Level 13.3 Fighting
 - Level 1.7 Throwing
 - Level 6.0 Armour
 + Level 11.6 Dodging
 - Level 4.0 Shields
 + Level 13.5 Unarmed Combat
 + Level 3.4 Invocations


You had 12 spell levels left.
You didn't know any spells.
Your spell library contained the following spells:

 Spells                   Type           Power        Failure   Level
 Animate Skeleton         Necr           0%           58%         1
 Apportation              Tloc           0%           58%         1
 Corona                   Hex            0%           58%         1
 Summon Small Mammal      Summ           0%           58%         1
 Confusing Touch          Hex            0%           92%         3
 Gell's Gravitas          Tloc           0%           92%         3
 Petrify                  Tmut/Erth      0%           100%        4
 Bolt of Magma            Conj/Fire/Erth 0%           100%        5
 Iskenderun's Battlesphe  Conj           0%           100%        5
 Metabolic Englaciation   Hex/Ice        0%           100%        5
 Yara's Violent Unravell  Hex/Tmut       0%           100%        5
 Iron Shot                Conj/Erth      0%           100%        6
 Orb of Destruction       Conj           0%           100%        7
 Spellforged Servitor     Conj/Summ      0%           100%        7


Dungeon Overview and Level Annotations

Branches:
Dungeon (14/15)            Temple (1/1) D:6            Lair (0/6) D:10
    Orc (0/2) D:11         Vaults (0/5) D:14

Altars:
Ashenzari
Cheibriados
Dithmenos
Gozag
Makhleb
Nemelex Xobeh
Qazlal
Sif Muna
Vehumet
Xom

Shops:
D:4 (   D:10 :   D:11 *   D:12 =

Annotations:
D:13 Jorgrun


Innate Abilities, Weirdness & Mutations

You thrive by killing the living.
You are immune to poison.
You have sharp fingernails.
Your flesh is cold resistant. (rC+)
You are immune to negative energy. (rN+++)
You do not regenerate when monsters are visible.
You are immune to unholy pain and torment.
You can survive without breathing.


Message History

Unknown command.
You feel yourself speed up. You block Jorgrun's attack.
* * * LOW HITPOINT WARNING * * *
The grasping roots constrict you!
Unknown command.
Unknown command.
You catch the helpless Jorgrun completely off-guard!
You mangle Jorgrun!!
Jorgrun is heavily wounded.
Jorgrun hits you but does no damage.
* * * LOW HITPOINT WARNING * * *
The grasping roots constrict you.
Unknown command.
You closely miss Jorgrun.
Jorgrun is heavily wounded.
Unknown command.
You closely miss Jorgrun.
Jorgrun is heavily wounded.
Jorgrun hits you with a +0 vorpal quarterstaff!
You die...

......##.......###....#..........
.^.....#.........##.....##.......
#......#..#.##..!.#.....####.....
###......####<.#........#........
###.....>......#...........##....
...........................###...
..#.......................####...
..##........#.............###(...
####......####.g@.......^...##...
............#............#..##...
.....................p...#.......
#..#..#.......##....###..##......
##....#......##......###......#..
##...................###....####
####................##.....#...
#...#.............#.....#....
#...#..........####.....#..##


You could see Jorgrun and a neutral human (wandering).

Vanquished Creatures
  Kirke (D:13)
  Gastronok (D:12)
  Harold (D:7)
  A boulder beetle (D:13)
  5 two-headed ogres
  A centaur warrior (D:14)
  A skeletal warrior (D:13)
  An unseen horror (D:10)
  A wizard (D:14)
  An ugly thing (D:12)
  2 necromancers (D:14)
  2 cyclopes
  2 centaur zombies
  A human (D:13)
  Maggie (D:7)
  A freezing wraith (D:14)
  A kobold demonologist (D:11)
  A komodo dragon (D:12)
  A tengu conjurer (D:13)
  6 trolls
  5 slime creatures (D:13)
  A hornet (D:14)
  Sigmund (D:5)
  A shadow (D:10)
  A wraith (D:14)
  A wyvern (D:9)
  A vampire (D:9)
  14 yaks
  2 basilisks
  A steam dragon (D:14)
  9 vampire mosquitoes (D:13)
  A water moccasin (D:8)
  7 orc warriors
  3 ice beasts
  3 sky beasts
  A necrophage (D:14)
  A phantom (D:11)
  8 centaurs
  7 ogres
  5 big kobolds (D:11)
  3 gnoll sergeants
  8 bullfrogs
  An earth elemental (D:11)
  A wyvern skeleton (D:13)
  3 scorpions
  3 killer bees (D:11)
  12 wights
  5 howler monkeys
  6 hounds
  4 jellies
  A quasit (D:14)
  14 orc wizards
  A bullfrog skeleton (D:6)
  9 orc priests
  A centaur skeleton (D:5)
  3 gnoll shamans (D:4)
  Terence (D:2)
  4 iguanas
  11 worker ants
  2 hound zombies
  3 hound skeletons
  A howler monkey skeleton (D:4)
  9 adders
  50 gnolls
  2 shadow imps
  5 white imps
  3 ufetubi
  An ooze (D:1)
  An adder zombie (D:5)
  2 worms
  3 dart slugs
  5 leopard geckos
  56 orcs
  10 giant cockroaches
  6 goblins
  5 hobgoblins
  22 jackals
  5 quokkas
  2 ball pythons (D:3)
  5 bats
  6 frilled lizards
  A jackal skeleton (D:4)
  9 kobolds
  A leopard gecko zombie (D:5)
  3 rats
414 creatures vanquished.

Vanquished Creatures (collateral kills)
  Fannar (D:11)
  An ugly thing (D:14)
  A troll (D:11)
  An ogre (D:11)
  A gnoll sergeant (D:11)
  2 gnolls (D:11)
  4 orcs (D:11)
11 creatures vanquished.

Vanquished Creatures (others)
  A cyclops (D:13)
  A human (D:13)
  An orc wizard (D:6)
  6 plants
9 creatures vanquished.

Grand Total: 434 creatures vanquished

Notes
Turn   | Place    | Note
-------+----------+-------------------------------------------
     0 | D:1      | Arum the Ghoul Gladiator began the quest for the Orb.
     0 | D:1      | Reached XP level 1. HP: 17/17 MP: 0/0
   164 | D:1      | Reached XP level 2. HP: 24/25 MP: 1/1
   873 | D:1      | Reached XP level 3. HP: 28/30 MP: 2/2
  1064 | D:2      | Noticed Terence
  1086 | D:2      | Killed Terence
  1087 | D:2      | Reached XP level 4. HP: 21/38 MP: 3/3
  1518 | D:3      | Noticed a bullfrog
  1533 | D:3      | Killed a bullfrog
  1534 | D:3      | Reached XP level 5. HP: 9/46 MP: 4/4
  1788 | D:3      | Found a burning altar of Makhleb.
  1809 | D:3      | Became a worshipper of Makhleb the Destroyer
  1998 | D:3      | Found a broken altar of Ashenzari.
  2254 | D:3      | Reached * piety under Makhleb
  2386 | D:3      | Reached XP level 6. HP: 52/52 MP: 5/5
  2564 | D:4      | Noticed a sky beast
  2579 | D:4      | Killed a sky beast
  2580 | D:4      | Reached skill level 5 in Unarmed Combat
  2771 | D:4      | Found Latadgh's Antique Weapon Boutique.
  2822 | D:4      | Reached XP level 7. HP: 57/60 MP: 6/6
  2844 | D:4      | Reached skill level 5 in Fighting
  2847 | D:4      | Reached ** piety under Makhleb
  3124 | D:4      | Reached skill level 5 in Dodging
  3195 | D:4      | HP: 2/61 [gnoll/+0 spear (9)]
  4051 | D:4      | Reached XP level 8. HP: 60/70 MP: 7/7
  4176 | D:4      | Reached *** piety under Makhleb
  5032 | D:4      | Reached skill level 5 in Armour
  5032 | D:4      | Reached XP level 9. HP: 83/83 MP: 8/8
  5043 | D:5      | Entered Level 5 of the Dungeon
  5138 | D:5      | Noticed Sigmund
  5148 | D:5      | Killed Sigmund
  5627 | D:5      | Found a sparkling altar of Nemelex Xobeh.
  6020 | D:6      | Reached **** piety under Makhleb
  6313 | D:6      | Found a shadowy altar of Dithmenos.
  6404 | D:6      | Found a staircase to the Ecumenical Temple.
  6462 | D:6      | Reached skill level 10 in Unarmed Combat
  6477 | D:6      | Reached XP level 10. HP: 92/92 MP: 9/9
  6594 | D:6      | Found a burning altar of Makhleb.
  6670 | D:6      | Found a shimmering blue altar of Sif Muna.
  7009 | Temple   | Entered the Ecumenical Temple
  7051 | D:7      | Noticed Maggie
  7069 | D:7      | Killed Maggie
  7573 | D:7      | Reached skill level 10 in Fighting
  8011 | D:7      | Noticed Harold
  8021 | D:7      | Killed Harold
  8775 | D:8      | Got a slimy hand axe
  8776 | D:8      | Identified the +9 hand axe of a Billion Stars {holy, rPois
                  | Str+10} (You found it on level 8 of the Dungeon)
  8921 | D:8      | Reached ***** piety under Makhleb
  9789 | D:9      | Reached skill level 1 in Shields
  9882 | D:9      | Reached XP level 11. HP: 98/101 MP: 10/10
 10058 | D:9      | Found a radiant altar of Vehumet.
 10060 | D:9      | Found a shimmering altar of Xom.
 10061 | D:9      | Found a snail-covered altar of Cheibriados.
 10061 | D:9      | Found a stormy altar of Qazlal.
 10198 | D:9      | Found an opulent altar of Gozag.
 10501 | D:9      | Found a snail-covered altar of Cheibriados.
 10654 | D:10     | Entered Level 10 of the Dungeon
 10686 | D:10     | Found a staircase to the Lair.
 10990 | D:10     | Killed an unseen horror
 11318 | D:10     | Found Beaxoxk Vash's Book Shoppe.
 11829 | D:11     | Found a staircase to the Orcish Mines.
 11911 | D:11     | Noticed a two-headed ogre
 11916 | D:11     | Noticed Fannar
 11918 | D:11     | Killed a two-headed ogre
 11945 | D:11     | Killed Fannar
 12015 | D:11     | Reached ****** piety under Makhleb
 12265 | D:11     | Reached skill level 10 in Dodging
 12629 | D:11     | Found Asajear's Pet Rocks.
 12713 | D:12     | Reached XP level 12. HP: 110/110 MP: 11/11
 12878 | D:12     | Noticed a two-headed ogre
 12884 | D:12     | Killed a two-headed ogre
 13089 | D:12     | Found Zuuciadext's Jewellery Emporium.
 13295 | D:12     | Noticed Gastronok
 13316 | D:12     | Killed Gastronok
 13973 | D:13     | Noticed a two-headed ogre
 13981 | D:13     | Killed a two-headed ogre
 14077 | D:13     | Noticed Kirke
 14119 | D:13     | Killed Kirke
 14256 | D:13     | Noticed a boulder beetle
 14280 | D:13     | Killed a boulder beetle
 14515 | D:13     | Reached XP level 13. HP: 55/119 MP: 12/12
 15076 | D:14     | Reached skill level 1 in Invocations
 15546 | D:14     | Found a gate to the Vaults.
 15744 | D:14     | Noticed Jorgrun
 15750 | D:14     | HP: 1/122 [skeletal warrior/+0 trident[a death knight]
                  | (13)]
 15764 | D:14     | HP: 6/122 [Jorgrun/+0 vorpal quarterstaff (12)]
 16276 | D:13     | HP: 6/122 [Jorgrun/+0 vorpal quarterstaff (9)]
 16279 | D:13     | Mangled by Jorgrun

Illustrated notes

Levels and vault maps discovered:
D:1:      nagdon_arrival_zigzag_paths, layout_basic, serial_aquarium,
          aquarium_bridge_square [aquarium_subvault_bridge,
          aquarium_subvault_balcony, aquarium_subvault_balcony,
          aquarium_subvault_window], aquarium_bridge_straight
          [aquarium_subvault_bridge, aquarium_subvault_wall,
          aquarium_subvault_bridge, aquarium_subvault_wall], aquarium_window_1,
          aquarium_window_fake, aquarium_window_corner, aquarium_window_2,
          aquarium_view_2b
D:2:      layout_rooms, kennysheep_nub, uniq_terence
D:3:      layout_loops_ring, overflow_temple_1_default,
          overflow_temple_1_default
D:4:      lemuel_castle_with_subvaults [lemuel_castle_interior_original],
          layout_cave_pools, serial_glass, glass_columns_a, glass_columns_b,
          glass_columns_c, glass_columns_b, serial_shops, shop
D:5:      layout_loops_corners, nemelex_xobeh_ov_fountains_minmay,
          bh_walls_and_bars, uniq_sigmund
D:6:      layout_layer_cave, grunt_dithmenos_smoke_and_mirrors, tgw_sif,
          minmay_temple_entry_proselytizer, basic_altar
D:7:      layout_layer_cave, uniq_maggie, uniq_harold
D:8:      layout_gridville, kennysheep_small_circle
D:9:      layout_gridville, grunt_gozag_breadcrumbs,
          chequers_temple_overflow_statue_of_worship, cheibriados_altar_1
D:10:     layout_loops_cross, dpeg_oklobed_lair, serial_shops,
          kennysheep_mini_moat, serial_co_window_serial, co_window_corner_a,
          co_window_paths_b, co_window_paths_b, co_window_cross_1,
          co_window_of_opportunity_a, co_window_corner_cb, co_window_2corner,
          co_window_paths_c, co_window_broadway_c, co_window_broadway_a,
          glass_columns_a, glass_columns_b, glass_columns_a
D:11:     layout_roguey, kennysheep_orc_monster_closet_entryway,
          corexii_corridor_pit, guppyfry_shop_earth, uniq_fannar
D:12:     layout_cave_pods, serial_shops, shop, uniq_gastronok
D:13:     layout_cave_pools, uniq_kirke
D:14:     layout_loops_ring, david_vaults_1, serial_bayou_pond_e, uniq_jorgrun
Temple:   minmay_temple_forest_path

Skill      XL: |  1  2  3  4  5  6  7  8  9 10 11 12 13 |
---------------+----------------------------------------+-----
Dodging        | 3 4 5 8 9 10 11 | 11.6
Fighting       | 3 4 5 9 10 11 12 13 | 13.3
Unarmed Combat | 4 5 6 9 10 11 13 | 13.5
Armour         | 5 6 |  6.0
Shields        | 1 4 |  4.0
Invocations    | 3 |  3.4
Throwing       | |  1.7

Action                   |  1- 3 |  4- 6 |  7- 9 | 10-12 | 13-15 || total
-------------------------+-------+-------+-------+-------+-------++-------
Melee: Unarmed           |    89 |   198 |   348 |   758 |   204 ||  1597
       Punch             |     1 |     4 |    11 |     6 |       ||    22
Invok: Lesser Servant of |       |       |       |     1 |     4 ||     5
Evoke: Wand              |       |       |       |     7 |     5 ||    12
  Use: Scroll            |       |       |     6 |    18 |     5 ||    29
       Potion            |       |       |     1 |       |     5 ||     6
 Stab: Sleeping          |       |       |       |    10 |       ||    10
       Invisible         |       |       |       |       |     1 ||     1
Armor: Leather armour    |     6 |       |       |       |       ||     6
       Scale mail        |    33 |    54 |   107 |     3 |       ||   197
       Acid dragon scale |       |       |       |   179 |    48 ||   227
Dodge: Dodged            |    69 |   119 |   236 |   438 |   108 ||   970
Block: Buckler           |       |       |       |   104 |    34 ||   138
